 Dungeon Crawl Stone Soup version 0.31-a0-569-g7ea453304b (webtiles) character file.

Game seed: 12529616977137262745

139 Ethylacetat the Insei (level 5, -13/36 HPs)
             Began as an Octopode Gladiator on Aug 18, 2023.
             Was an Initiate of Gozag.
             Mangled by Pikel
             ... wielding a +0 whip of electrocution
              (17 damage)
             ... on level 4 of the Dungeon.
             The game lasted 00:02:37 (2394 turns).

Ethylacetat the Insei (Octopode Gladiator)          Turns: 2394, Time: 00:02:38

Health: -13/36     AC:  1    Str: 22    XL:     5   Next: 22%
Magic:  5/5        EV: 14    Int:  8    God:    Gozag
Gold:   371        SH:  0    Dex: 16    Spells: 4/4 levels left

rFire   . . .        m - +6 quarterstaff of Plague {venom, Contam rPois Str+9 Int-2}
rCold   . . .        (shield currently unavailable)
rNeg    . . .        a - +0 hat
rPois   +            (no amulet)
rElec   .            (no ring)
rCorr   .            (no ring)
SInv    .            (no ring)
Will    .....        (no ring)
Stlth   ++           (no ring)
HPRegen 0.26/turn    (no ring)
MPRegen 0.09/turn    (no ring)
                     (no ring)

%: no passive effects
@: no status effects
A: almost no armour, amphibious, 8 rings, camouflage 1, gelatinous body 1,
(nimble swimmer 1), tentacles
a: Renounce Religion, Potion Petition, Call Merchant, Bribe Branch


You were on level 4 of the Dungeon.
You worshipped Gozag.
Gozag was aware of your devotion.
You visited 1 branch of the dungeon, and saw 4 of its levels.

You collected 380 gold pieces.
You paid 9 gold pieces to Gozag.

Inventory:

Hand Weapons
 m - the +6 quarterstaff of Plague (weapon) {venom, Contam rPois Str+9 Int-2}
   (You found it on level 2 of the Dungeon)

   Str+9:     It affects your strength (+9).
   Int-2:     It affects your intelligence (-2).
   rPois:     It protects you from poison Contam: It causes magical
   contamination when unequipped.
Missiles
 b - 3 throwing nets (quivered)
 c - a javelin
Armour
 a - a +0 hat (worn)
Jewellery
 o - a ring of protection from fire
Scrolls
 d - 2 scrolls of revelation {unknown}
 e - 5 scrolls of identify {unknown}
 f - a scroll of poison {unknown}
 g - a scroll of amnesia {unknown}
 h - a scroll of noise {unknown}
 j - 2 scrolls of enchant armour {unknown}
Potions
 i - a potion of degeneration {unknown}
 k - 5 potions of curing
 l - a potion of magic {unknown}
 n - 2 potions of invisibility {unknown}
 p - 2 potions of lignification {unknown}


   Skills:
 + Level 3.4 Fighting
 - Level 2.0 Throwing
 + Level 4.0 Dodging
 + Level 4.1 Unarmed Combat


You had 4 spell levels left.
You didn't know any spells.
Your spell library contained the following spells:

 Spells                   Type           Power      Damage    Failure   Level
 Magic Dart               Conj           0%         1d3       41%         1
 Call Imp                 Summ           0%         N/A       54%         2
 Mephitic Cloud           Conj/Pois/Air  0%         N/A       78%         3


Dungeon Overview and Level Annotations

Branches:
Dungeon (4/15)
 Temple: D:4-7

Altars:
Gozag
Nemelex Xobeh

Annotations:
D:4 Pikel


Innate Abilities, Weirdness & Mutations

You cannot wear most types of armour.
You are amphibious.
You can wear up to eight rings at the same time.
Your skin changes colour to match your surroundings (Stealth+).
Your rubbery body absorbs attacks. (AC +1, EV +1)
((You are camouflaged when in or above water. (Stealth+)))
You have tentacles for arms and can constrict up to eight enemies at once.


Message History

That felt strangely unrewarding.
You hit the lemure.
The lemure is poisoned.
You grab the lemure.
The lemure is lightly wounded.
You constrict the lemure, but do no damage.
The lemure hits you!
You thump the lemure!
The lemure looks as sick as possible!
You squeeze the lemure!
You kill the lemure!
That felt strangely unrewarding.
You hit Pikel.
Pikel is poisoned.
Your grab misses Pikel.
Pikel is lightly wounded.
You hear a shout!
Pikel closely misses you. x2
You hit Pikel but do no damage. Your grab misses Pikel. You squeeze Pikel!
Pikel is moderately wounded.
Pikel hits you with a +0 whip of electrocution.
* * * LOW HITPOINT WARNING * * *
You barely miss Pikel. Your grab misses Pikel.
Pikel is moderately wounded.
Pikel misses you.
You hit Pikel. Your grab misses Pikel.
Pikel is heavily wounded.
Pikel hits you with a +0 whip of electrocution!
* * * LOW HITPOINT WARNING * * *
Pikel hits you with a +0 whip of electrocution.
* * * LOW HITPOINT WARNING * * *
It was a potion of curing.
You feel better. Pikel closely misses you.
You sock Pikel!
Pikel looks as sick as possible!
You grab Pikel.
Pikel is severely wounded.
You constrict Pikel, but do no damage.
Pikel hits you with a +0 whip of electrocution.
* * * LOW HITPOINT WARNING * * *
You completely miss Pikel.
Pikel is almost dead.
You constrict Pikel, but do no damage.
Pikel hits you with a +0 whip of electrocution.
* * * LOW HITPOINT WARNING * * *
You are electrocuted!
You die...
Your body crumbles into a pile of gold.

#... #... ###.
####### .
#.....
#######....#
#.....#....##
#...K.+.....#
#.....#.@...+
#....K###K###
#....5...5..#
....####......#
... #......# .
#......#
#......#
########


You could see Pikel (extremely poisoned) and a lemure.

Vanquished Creatures
  2 lemures (D:4)
  2 hounds
  An adder (D:2)
  A white imp (D:3)
  2 dart slugs
  6 ball pythons
  5 bats
  6 endoplasms
  A giant cockroach (D:2)
  6 goblins
  4 hobgoblins
  6 jackals
  7 kobolds
  2 quokkas (D:1)
  2 frilled lizards (D:1)
  5 rats
58 creatures vanquished.

Notes
Turn   | Place    | Note
-------+----------+-------------------------------------------
     0 | D:1      | Ethylacetat the Octopode Gladiator began the quest for the
                  | Orb.
     0 | D:1      | Reached XP level 1. HP: 14/14 MP: 1/1
   117 | D:1      | Reached XP level 2. HP: 11/19 MP: 2/2
   890 | D:2      | Found an opulent altar of Gozag.
   917 | D:2      | Became a worshipper of Gozag Ym Sagoz the Greedy
   967 | D:2      | Reached XP level 3. HP: 21/25 MP: 3/3
  1267 | D:2      | Identified the +6 quarterstaff of Plague {venom, Contam
                  | rPois Str+9 Int-2}
  1654 | D:3      | Found a sparkling altar of Nemelex Xobeh.
  1722 | D:3      | Reached XP level 4. HP: 30/30 MP: 4/4
  2314 | D:4      | Reached XP level 5. HP: 27/36 MP: 5/5
  2374 | D:4      | Noticed Pikel
  2374 | D:4      | Noticed a lemure
  2374 | D:4      | Noticed a lemure
  2374 | D:4      | Noticed a lemure
  2374 | D:4      | Noticed a lemure
  2385 | D:4      | Killed a lemure
  2387 | D:4      | Killed a lemure
  2391 | D:4      | HP: 1/36 [Pikel/+0 whip of electrocution (1)]
  2394 | D:4      | Mangled by Pikel

Illustrated notes

Levels and vault maps discovered:
D:1:      lemuel_arrival_hallway, layout_basic, serial_bayou_lake_a
D:2:      layout_loops_corners, basic_altar
D:3:      layout_loops_cross, overflow_temple_1_default, serial_forest,
          infiniplex_forest_lined_room_2, infiniplex_forest_lined_2,
          infiniplex_forest_lined_1, infiniplex_forest_fountain,
          infiniplex_forest_straight_2, infiniplex_forest_clump_medium,
          infiniplex_forest_clump_tiny
D:4:      layout_gridville, lemuel_doored_altar, kennysheep_cross_room,
          uniq_blork_the_orc, uniq_grinder, uniq_pikel

Skill      XL: |  1  2  3  4 |
---------------+-------------+-----
Fighting       | 3 |  3.4
Dodging        | 4 |  4.0
Unarmed Combat | 4 |  4.1
Throwing       | |  2.0

Action                     |  1- 3 |  4- 6 || total
---------------------------+-------+-------++-------
  Melee: Unarmed           |    14 |       ||    14
         Constrict         |    15 |    11 ||    26
         Tentacles         |    13 |     6 ||    19
         Punch             |     1 |       ||     1
         Dagger            |    37 |       ||    37
         Quarterstaff      |     7 |    42 ||    49
    Use: Potion            |       |     1 ||     1
   Stab: Sleeping          |    11 |     4 ||    15
 Armour: Skin              |     4 |     1 ||     5
  Dodge: Dodged            |    30 |    28 ||    58

Table legend: (Time is in decaauts)
 A = Elapsed time spent in this place.
 B = Non-inter-level travel time spent in this place.
 C = Inter-level travel time spent in this place.
 D = Time resting spent in this place.
 E = Time spent auto-exploring this place.
 F = Levels seen in this place.
 G = Mean time per level.
                   A        B        C        D        E       F      G
               +--------+--------+--------+--------+--------+-----+--------+
         Total |   2405 |   2261 |    144 |      0 |   1899 |   4 |  601.2 |
       Dungeon |   2405 |   2261 |    144 |      0 |   1899 |   4 |  601.2 |
               +--------+--------+--------+--------+--------+-----+--------+

Top non-repeatable levels by time:
     D:2: 933 daAuts
     D:3: 716 daAuts
     D:1: 652 daAuts
     D:4: 103 daAuts
